 Dungeon Crawl Stone Soup version 0.30.1-3-gfc49f6343a (webtiles) character file.

Game seed: 14249680003875043491

9283 CrazyMind the Cleaver (level 11, -5/95 HPs)
             Began as an Armataur Fighter on July 22, 2023.
             Was a Priest of Trog.
             Slain by a two-headed ogre
             ... wielding a +0 giant club
              (14 damage)
             ... on level 9 of the Dungeon.
             The game lasted 00:38:45 (8808 turns).

CrazyMind the Cleaver (Armataur Fighter)            Turns: 8808, Time: 00:38:47

Health: -5/95      AC: 17    Str: 27    XL:     11   Next: 21%
Magic:  0/11       EV: 12    Int:  8    God:    Trog [***...]
Gold:   352        SH:  5    Dex:  9    Spells: 10/10 levels left

rFire   x . .        a - +0 war axe
rCold   + . .        c - +0 buckler
rNeg    . . .        L - +0 acid dragon scales
rPois   .            G - +0 helmet
rElec   .            s - +0 cloak
rCorr   +            F - +0 pair of gloves
SInv    .            o - +0 barding
Will    .....        r - amulet of guardian spirit
Stlth   +            i - +5 ring of evasion
HPRegen 0.35/turn    m - ring of ice
MPRegen 0.12/turn

%: guardian spirit, roll
@: about to teleport, slowed, very slow
A: large, rugged brown scales 3, deformed body, armoured tail, roll, long
tongue, awkward tongue
a: Renounce Religion, Berserk, Trog's Hand


You were on level 9 of the Dungeon.
You worshipped Trog.
Trog was most pleased with you.
You visited 2 branches of the dungeon, and saw 10 of its levels.

You collected 612 gold pieces.
You spent 260 gold pieces at shops.

Inventory:

Hand Weapons
 a - a +0 war axe (weapon)
 E - a +0 whip of electrocution
 H - a +2 heavy hand axe
Missiles
 d - 6 poisoned darts
 B - 15 boomerangs (quivered)
 O - 2 throwing nets
Armour
 b - a +0 scale mail
 c - a +0 buckler (worn)
 f - a +0 chain mail
 o - a +0 barding (worn)
 s - a +0 cloak (worn)
 F - a +0 pair of gloves (worn)
 G - a +0 helmet (worn)
 L - +0 acid dragon scales (worn)
Jewellery
 h - a ring of fire
 i - a +5 ring of evasion (left hand)
 m - a ring of ice (right hand)
 r - an amulet of guardian spirit (around neck)
 M - a ring of poison resistance
Wands
 v - a wand of flame (1)
 y - a wand of digging (4)
 C - a wand of iceblast (18)
 J - a wand of polymorph (8)
 R - a wand of paralysis (3)
Scrolls
 g - a scroll of amnesia {unknown}
 j - 6 scrolls of identify
 l - a scroll of poison
 p - 3 scrolls of teleportation
 u - a scroll of fog {unknown}
 w - 2 scrolls of magic mapping {unknown}
 x - 2 scrolls of vulnerability
 A - 2 scrolls of torment
 I - a scroll of fear {unknown}
 N - a scroll of immolation {unknown}
Potions
 e - 2 potions of heal wounds
 k - a potion of invisibility {unknown}
 n - 2 potions of lignification
 q - a potion of resistance {unknown}
 t - 5 potions of flight
 z - 2 potions of curing
 D - a potion of magic {unknown}
 K - a potion of mutation {unknown}
 P - 2 potions of haste
 Q - 4 potions of might


   Skills:
 + Level 6.3 Fighting
 * Level 11.6 Axes
 + Level 2.5 Throwing
 + Level 8.4 Armour
 + Level 2.7 Dodging
 + Level 5.9 Shields
 + Level 0.2 Evocations


You had 10 spell levels left.
You didn't know any spells.
Your spell library was empty.

Dungeon Overview and Level Annotations

Branches:
Dungeon (9/15) Zot: 25067  Temple (1/1) D:7 Zot: 5797     Orc (0/2) D:9
   Lair: D:8-11

Altars:
Ashenzari
Cheibriados
Dithmenos
Elyvilon
Fedhas
Gozag
Kikubaaqudgha
Makhleb
Nemelex Xobeh
Okawaru
Qazlal
Ru
Sif Muna
Trog
Uskayaw
Vehumet
Wu Jian
Yredelemnul
Zin
The Shining One

Shops:
D:3 =

Annotations:
D:5 3 runed translucent doors, ripuliukko's ghost, amateur DEEE


Innate Abilities, Weirdness & Mutations

You are completely covered in rugged brown scales. (AC +3, +7% HP)
Armour fits poorly on your strangely shaped body.
You have a long armoured tail.
You roll when moving toward enemies. (Rampage)
Your long tongue fully drains potion bottles. (2x potion effects)
Your tongue gives you trouble enunciating. (1.5x scroll delay)


Message History

Aim: a freezing wraith (68% to hit)
The puff of flame hits the freezing wraith but does no damage.
The freezing wraith hits you but does no damage.
The freezing wraith barely misses you. The freezing wraith closely misses you.
The freezing wraith hits you.
Aiming: Throw Flame
Press: ? - help, Shift-Dir - straight line, f/p - freezing wraith
Aim: a freezing wraith (68% to hit)
The puff of flame misses the freezing wraith.
The freezing wraith hits you but does no damage.
The freezing wraith hits you!
Aiming: Throw Flame
Press: ? - help, Shift-Dir - straight line, f/p - freezing wraith
Aim: a freezing wraith (68% to hit)
The puff of flame hits the freezing wraith but does no damage.
The freezing wraith hits you. The freezing wraith freezes you! You resist.
You block the freezing wraith's attack. The freezing wraith closely misses you.
The freezing wraith hits you. The freezing wraith drains your vigour!
You feel as though you will be slow longer.
The freezing wraith completely misses you.
The freezing wraith closely misses you. The freezing wraith hits you!
The freezing wraith freezes you! You resist. The freezing wraith hits you.
The freezing wraith attacks as you move away!
The freezing wraith hits you. The freezing wraith freezes you. You resist.
You block the freezing wraith's attack. The freezing wraith barely misses you.
The freezing wraith hits you but does no damage.
As you slowly read the scroll of teleportation, it crumbles to dust.
You feel strangely unstable. You block the freezing wraith's attack.
The freezing wraith closely misses you. You block the two-headed ogre's attack.
The two-headed ogre barely misses you.
The freezing wraith closely misses you. x2
The two-headed ogre misses you. You block the two-headed ogre's attack.
The freezing wraith attacks as you move away!
The freezing wraith hits you but does no damage. x2
The two-headed ogre attacks as you move away!
The two-headed ogre hits you with a +0 giant club!!
* * * LOW HITPOINT WARNING * * *
The two-headed ogre hits you with a +0 giant club!
You die...

†'...'.).# .#...#...#
################## #######'##
##..........<......
.#}."#...######..................
.#...#.).'...#...................
#?.|#...###.....................
##'###'####.....................
.#...#...##......................
.'...†...#.....W@................
.#...#...#.....O..^..............
#########.......................
##..........................
##...........................
##............................
##.............................
##.............)................
##...............................


You could see a two-headed ogre and a freezing wraith.

Vanquished Creatures
  Harold (D:9)
  2 centaur warriors (D:9)
  Pikel (D:5)
  An ugly thing (D:9)
  2 hornets
  2 slime creatures (D:9)
  A vampire (D:8)
  3 steam dragons
  A basilisk (shapeshifter) (D:9)
  6 yaks (D:9)
  Menkaure (D:5)
  Edmund (D:5)
  An acid dragon (D:8)
  An ice beast (D:7)
  A swamp drake (D:9)
  A black bear (D:6)
  2 orc warriors (D:9)
  2 sky beasts (D:7)
  6 centaurs
  2 phantoms (D:5)
  A kobold brigand (D:3)
  2 lemures (D:5)
  5 bullfrogs
  A gnoll sergeant (D:5)
  4 scorpions
  6 wights (D:8)
  6 killer bees (D:9)
  4 howler monkeys
  4 hounds
  10 orc priests
  Crazy Yiuf (D:2)
  4 quasits (D:6)
  A jelly (D:5)
  A sleepcap (D:6)
  A gnoll bouda (D:5)
  An iguana (D:6)
  Natasha (twice) (D:2)
  9 orc wizards
  10 gnolls (D:5)
  4 adders
  2 shadow imps (D:6)
  6 white imps
  3 ufetubi (D:6)
  A worm (D:3)
  2 dart slugs
  48 orcs
  6 ball pythons
  8 bats
  7 endoplasms
  A giant cockroach (D:3)
  3 hobgoblins
  6 quokkas
  3 frilled lizards
  4 goblins
  8 kobolds
  4 rats
227 creatures vanquished.

Notes
Turn   | Place    | Note
-------+----------+-------------------------------------------
     0 | D:1      | CrazyMind the Armataur Fighter began the quest for the Orb.
     0 | D:1      | Reached XP level 1. HP: 19/19 MP: 1/1
   326 | D:1      | Reached XP level 2. HP: 20/26 MP: 2/2
   768 | D:2      | Noticed Natasha
   780 | D:2      | Killed Natasha
   781 | D:2      | Reached skill level 2 in Axes
   781 | D:2      | Reached XP level 3. HP: 32/32 MP: 3/3
   921 | D:2      | Noticed Natasha
   926 | D:2      | Killed Natasha
   927 | D:2      | Reached XP level 4. HP: 40/40 MP: 4/4
  1139 | D:2      | Found a runed translucent door.
  1140 | D:2      | Noticed Crazy Yiuf
  1172 | D:2      | Killed Crazy Yiuf
  1173 | D:2      | Reached skill level 3 in Axes
  1310 | D:3      | Noticed a kobold brigand
  1321 | D:3      | Killed a kobold brigand
  1322 | D:3      | Reached XP level 5. HP: 36/48 MP: 3/5
  1353 | D:3      | Found Cuet's Jewellery Shoppe.
  1461 | D:3      | Found a shimmering blue altar of Sif Muna.
  1715 | D:4      | Reached skill level 4 in Axes
  1889 | D:4      | Reached XP level 6. HP: 52/54 MP: 6/6
  2786 | D:5      | Entered Level 5 of the Dungeon
  2825 | D:5      | Noticed Edmund
  2837 | D:5      | Found a radiant altar of Vehumet.
  2901 | D:5      | Reached skill level 5 in Axes
  2901 | D:5      | Reached skill level 5 in Armour
  2901 | D:5      | Reached XP level 7. HP: 56/62 MP: 7/7
  2946 | D:5      | Found a runed translucent gate.
  2947 | D:5      | Found a runed translucent gate.
  2948 | D:5      | Found a runed translucent gate.
  2949 | D:5      | Noticed ripuliukko's ghost (amateur DEEE)
  3031 | D:5      | Noticed Menkaure
  3038 | D:5      | Killed Menkaure
  3049 | D:5      | Found a basalt altar of Yredelemnul.
  3118 | D:5      | Reached skill level 6 in Axes
  3242 | D:5      | Found a hide-covered altar of Uskayaw.
  3338 | D:5      | Found a bloodstained altar of Trog.
  3350 | D:5      | Became a worshipper of Trog the Wrathful
  3398 | D:5      | Killed Edmund
  3399 | D:5      | Reached XP level 8. HP: 48/70 MP: 5/8
  3794 | D:6      | Reached skill level 7 in Axes
  3819 | D:6      | Reached * piety under Trog
  4177 | D:6      | Noticed Pikel
  4206 | D:5      | Killed Pikel
  4207 | D:5      | Reached skill level 8 in Axes
  4207 | D:5      | Reached skill level 1 in Throwing
  4207 | D:5      | Reached skill level 1 in Dodging
  4207 | D:5      | Reached XP level 9. HP: 78/78 MP: 6/9
  4614 | D:7      | Reached skill level 5 in Fighting
  4674 | D:7      | Reached ** piety under Trog
  4725 | D:7      | Found a staircase to the Ecumenical Temple.
  4736 | Temple   | Entered the Ecumenical Temple
  4953 | D:7      | Reached skill level 9 in Axes
  5348 | D:7      | Found a glowing golden altar of the Shining One.
  5383 | D:7      | Reached skill level 5 in Shields
  6031 | D:8      | Reached XP level 10. HP: 67/84 MP: 8/10
  6374 | D:8      | Found a shadowy altar of Dithmenos.
  6374 | D:8      | Found a white marble altar of Elyvilon.
  6375 | D:8      | Found a sparkling altar of Nemelex Xobeh.
  6972 | D:9      | Reached skill level 10 in Axes
  7311 | D:3      | Bought a ring of poison resistance for 260 gold pieces
  7710 | D:9      | Noticed Harold
  7734 | D:9      | Killed Harold
  8154 | D:9      | Reached skill level 11 in Axes
  8158 | D:9      | Reached *** piety under Trog
  8270 | D:9      | Found a staircase to the Orcish Mines.
  8389 | D:9      | Noticed a centaur warrior
  8398 | D:9      | Killed a centaur warrior
  8399 | D:9      | Reached XP level 11. HP: 69/95 MP: 9/11
  8474 | D:9      | Noticed a centaur warrior
  8486 | D:9      | Killed a centaur warrior
  8630 | D:9      | Noticed a cyan ugly thing
  8641 | D:9      | Killed a cyan ugly thing
  8790 | D:9      | Noticed a two-headed ogre
  8808 | D:9      | Slain by a two-headed ogre

Illustrated notes

Levels and vault maps discovered:
D:1:      dpeg_arrival_rhombus, layout_basic
D:2:      layout_loops_ring, uniq_natasha, uniq_crazy_yiuf_cottage
D:3:      layout_rooms, mainiacjoe_overflow_24_doors, serial_shops, shop
D:4:      layout_basic, minmay_misc_feat_ornament, roderic_batcave
D:5:      layout_basic, nicolae_uskayaw_suspiria,
          mainiacjoe_overflow_surrounded_room, mainiacjoe_overflow_catwalk,
          trog_butcher_becter, gammafunk_ghost_necromancy, uniq_edmund,
          uniq_menkaure
D:6:      layout_basic, serial_demonic, serial_demonic_b, serial_demonic_f,
          serial_demonic_a, serial_demonic_g, serial_demonic_a,
          serial_demonic_c, serial_demonic_e, uniq_pikel
D:7:      layout_cave_pools, nicolae_tso_carved_into_rock, temple_fountains,
          serial_column_ruins, column_ruins_corridor_corner,
          column_ruins_open_tiny, column_ruins_corridor_dead_end,
          column_ruins_columns_straight, column_ruins_columns_corner,
          amcnicky_mini_rare_corridor_liquid, amethyst_killhole
D:8:      layout_loops_corners, gammafunk_temple_overflow_claw
D:9:      layout_big_octagon, erik_orc_1, minmay_evil_grid, uniq_harold
Temple:   nicolae_temple_bog_church

Skill      XL: |  1  2  3  4  5  6  7  8  9 10 |
---------------+-------------------------------+-----
Axes           | 2 3 4 5 6 8 9 11 | 11.6
Armour         | 4 5 6 7 8 |  8.4
Fighting       | 3 4 5 6 |  6.3
Shields        | 4 5 |  5.9
Throwing       | 1 2 |  2.5
Dodging        | 1 2 |  2.7
Evocations     | |  0.2

Action                     |  1- 3 |  4- 6 |  7- 9 | 10-12 || total
---------------------------+-------+-------+-------+-------++-------
  Melee: War axe           |    64 |   147 |   400 |   215 ||   826
         Tailslap          |     6 |     8 |    58 |    25 ||    97
  Throw: Dart              |       |       |    19 |    19 ||    38
         Boomerang         |       |       |     3 |    10 ||    13
 Invoke: Berserk           |       |       |     2 |     3 ||     5
         Trog's Hand       |       |       |       |     2 ||     2
  Evoke: Wand              |       |       |     6 |     4 ||    10
    Use: Potion            |       |     1 |       |       ||     1
         Scroll            |       |     1 |     6 |     3 ||    10
 Armour: Chain mail        |    24 |    95 |   285 |    18 ||   422
         Acid dragon scale |       |       |       |   148 ||   148
  Dodge: Dodged            |    28 |    79 |   175 |   174 ||   456
  Block: Buckler           |     9 |    30 |    85 |    66 ||   190
